 Dungeon Crawl Stone Soup version 0.28-a0-691-gad6df49e81 (webtiles) character file.

Game seed: 15177848397820076999

33 kae the Ruffian (level 3, -1/29 HPs)
             Began as a Draconian Transmuter on Oct 20, 2021.
             Slain by Terence (3 damage)
             ... on level 2 of the Dungeon.
             The game lasted 00:00:33 (1675 turns).

kae the Ruffian (Draconian Transmuter)              Turns: 1675, Time: 00:00:33

Health: -1/29      AC:  5    Str: 12    XL:     3   Next: 12%
Magic:  5/6        EV: 12    Int: 14    God:
Gold:   41         SH:  0    Dex: 11    Spells: 2/6 levels left

rFire   . . .      SeeInvis .     - Unarmed
rCold   . . .      Faith    .   (no shield)
rNeg    . . .      Spirit   .   (armour unavailable)
rPois   .          Reflect  .   (helmet currently unavailable)
rElec   .          Harm     .   (no cloak)
rCorr   .          Rampage  .   (no gloves)
Will    .....                   (boots currently unavailable)
Stlth   +.........              (no amulet)
HPRegen 0.09/turn               (no ring)
MPRegen 0.10/turn               (no ring)

@: appendages
A: horns 2, talons 2, AC +5, unfitting armour, cold-blooded
a: End Transformation


You were on level 2 of the Dungeon.
You had temporarily grown beastly horns and talons.
You visited 1 branch of the dungeon, and saw 2 of its levels.

You collected 41 gold pieces.

Inventory:

Jewellery
 a - a ring of willpower
Scrolls
 b - a scroll of teleportation {unknown}
 c - a scroll of magic mapping {unknown}
 d - a scroll of identify {unknown}


   Skills:
 + Level 1.9 Fighting
 - Level 1.7 Dodging
 * Level 3.7 Unarmed Combat
 - Level 2.0 Spellcasting
 + Level 2.4 Transmutations


You had 2 spell levels left.
You knew the following spells:

 Your Spells              Type           Power      Damage    Failure   Level
a - Beastly Appendage     Tmut           16%        N/A       9%          1
b - Spider Form           Tmut/Pois      2%         N/A       41%         3

Your spell library contained the following spells:

 Spells                   Type           Power      Damage    Failure   Level
 Wereblood                Tmut           8%         N/A       13%         2
 Dazzling Flash           Conj/Hex       2%         N/A       56%         3
 Ice Form                 Ice/Tmut       4%         N/A       82%         4
 Iskenderun's Mystic Bla  Conj/Tloc      1%         2d3       93%         4
 Starburst                Conj/Fire      0%         6d3       100%        6


Dungeon Overview and Level Annotations

Branches:
Dungeon (2/15)

Altars:

Annotations:
D:2 Terence


Innate Abilities, Weirdness & Mutations

You have temporarily grown beastly horns and talons.
Your plain brown scales are hard. (AC +5)
You cannot fit into any form of body armour.
You are cold-blooded and may be slowed by cold attacks.


Message History

You closely miss the goblin. You punch the goblin.
You kill the goblin!
HP restored.
Your transformation is almost over.
Things that are here:
a +0 club; a goblin corpse
d - a scroll labelled MIUCZU IPUER EFO Your horns disappear.
Your talons disappear.
Terence the Incautious comes into view.
He is wielding a +5 vorpal mace.
Terence shouts!
Terence is nearby!
Terence is nearby!
Casting: Beastly Appendage (safe; 9% risk of failure)
Confirm with . or Enter, or press ? or * to list all spells.
You grow a pair of large bovine horns.
Your feet morph into talons.
Terence hits you with a +5 vorpal mace.
You hit Terence but do no damage. You claw Terence, but do no damage.
You tail-slap Terence.
Terence is lightly wounded.
Terence hits you with a +5 vorpal mace.
You are too injured to fight recklessly!
Terence is nearby!
You are too injured to fight recklessly!
You are too injured to fight recklessly!
You are too injured to fight recklessly!
You are too injured to fight recklessly!
You are too injured to fight recklessly!
You are too injured to fight recklessly!
You closely miss Terence. Your punch misses Terence.
Terence is lightly wounded.
Terence hits you with a +5 vorpal mace.
You barely miss Terence.
Terence is lightly wounded.
Terence barely misses you.
You closely miss Terence. Your kick misses Terence.
Your headbutt misses Terence.
Terence is lightly wounded.
Terence hits you with a +5 vorpal mace!
* * * LOW HITPOINT WARNING * * *
You die...

#. #. #.### ######
#.#.. ...... #.#.#
###### #.#.#
#@#.###############
#.@................
.######.###############
........###############
######.................
#.################ #.
#. #. ..


You could see Terence.

Vanquished Creatures
  An endoplasm (D:1)
  4 giant cockroaches
  2 goblins
  2 hobgoblins (D:1)
  4 jackals (D:1)
  2 quokkas (D:1)
  4 ball pythons (D:1)
  2 bats (D:1)
  A frilled lizard (D:1)
  2 kobolds (D:1)
  5 rats
29 creatures vanquished.

Notes
Turn   | Place    | Note
-------+----------+-------------------------------------------
     0 | D:1      | kae the Draconian Transmuter began the quest for the Orb.
     0 | D:1      | Reached XP level 1. HP: 16/16 MP: 3/3
   162 | D:1      | Reached XP level 2. HP: 18/23 MP: 3/5
  1107 | D:1      | Reached XP level 3. HP: 13/29 MP: 6/6
  1561 | D:2      | Learned a level 3 spell: Spider Form
  1669 | D:2      | Noticed Terence
  1675 | D:2      | Slain by Terence

Illustrated notes

Levels and vault maps discovered:
D:1:      wander_arrival_peaceful_grave, layout_loops_ring,
          serial_co_window_serial, co_window_corner_a,
          co_window_of_opportunity_a, co_window_paths_b, co_window_paths_b,
          co_window_of_opportunity_a, co_window_corner_b, co_window_broadway_b,
          co_window_broadway_b, minmay_misc_feat_tower, nrook_mini_vaults
D:2:      layout_basic, minmay_misc_feat_chi, uniq_terence

Action                   || total
-------------------------++-------
Melee: Unarmed           ||    85
       Headbutt          ||     8
       Tailslap          ||     6
       Punch             ||     4
       Kick              ||     9
 Cast: Beastly Appendage ||    20
Armor: Skin              ||    24
Dodge: Dodged            ||    60

Table legend: (Time is in decaauts)
 A = Elapsed time spent in this place.
 B = Non-inter-level travel time spent in this place.
 C = Inter-level travel time spent in this place.
 D = Time resting spent in this place.
 E = Time spent auto-exploring this place.
 F = Levels seen in this place.
 G = Mean time per level.
                   A        B        C        D        E       F      G
               +--------+--------+--------+--------+--------+-----+--------+
         Total |   1669 |   1620 |     49 |      0 |   1422 |   2 |  834.5 |
       Dungeon |   1669 |   1620 |     49 |      0 |   1422 |   2 |  834.5 |
               +--------+--------+--------+--------+--------+-----+--------+

Top non-repeatable levels by time:
     D:1: 1551 daAuts
     D:2: 118 daAuts
